 Dungeon Crawl Stone Soup version 0.29-a0-565-g7a16c6de65 (webtiles) character file.

Game seed: 9214130776111544360

6921 KristoblXynda the Fighter (level 10, -1/94 HPs)
             Began as a Yellow Draconian Monk on June 12, 2022.
             Was an Initiate of Gozag.
             Slain by a vault guard
             ... wielding a +0 broad axe
              (11 damage)
             ... in a bailey.
             The game lasted 00:12:44 (13101 turns).

KristoblXynda the Fighter (Yellow Draconian Monk)  Turns: 13101, Time: 00:12:45

Health: -1/94      AC: 14    Str: 15    XL:     10   Next: 80%
Magic:  10/10      EV: 16    Int: 13    God:    Gozag
Gold:   2071       SH:  5    Dex: 14    Spells: 9/9 levels left

rFire   . . .      SeeInvis .     - Unarmed
rCold   . . .      Faith    .   (no shield)
rNeg    . . .      Spirit   .   (body armour unavailable)
rPois   .          Reflect  +   (helmet restricted)
rElec   .          Harm     .   s - scarf {repulsion}
rCorr   +          Rampage  .   c - +1 pair of gloves
Will    .....                   v - +0 pair of boots
Stlth   ++........              g - amulet of reflection
HPRegen 0.25/turn               u - +4 ring of protection
MPRegen 0.12/turn               (no ring)

@: short of breath, repel missiles
A: spit acid, AC +7, unfitting armour, cold-blooded, acid resistance
a: Breathe Acid, Renounce Religion, Potion Petition, Call Merchant, Bribe Branch


You were in a bailey.
You worshipped Gozag.
Gozag was most pleased with you.
You visited 2 branches of the dungeon, and saw 10 of its levels.
You also visited: Bailey.

You collected 2253 gold pieces.
You spent 182 gold pieces at shops.

Inventory:

Missiles
 f - 6 javelins (quivered)
 m - 2 throwing nets
Armour
 c - a +1 pair of gloves (worn)
 s - a scarf of repulsion (worn)
 v - a +0 pair of boots (worn)
Jewellery
 g - an amulet of reflection (around neck)
 u - a +4 ring of protection (left hand)
Wands
 k - a wand of digging (1)
 o - a wand of iceblast (3)
 t - a wand of paralysis (3)
Scrolls
 b - 3 scrolls of fog
 d - 2 scrolls of amnesia
 j - 2 scrolls of blinking
 q - 6 scrolls of teleportation
 w - 3 scrolls of immolation
 y - a scroll of summoning
Potions
 a - 2 potions of curing
 e - 4 potions of might
 h - 5 potions of lignification
 i - 2 potions of flight
 l - 4 potions of mutation
 n - 4 potions of haste
 p - a potion of invisibility
 r - a potion of magic {unknown}
 x - a potion of resistance {unknown}
 z - a potion of cancellation
 A - a potion of brilliance {unknown}


   Skills:
 + Level 10.3 Fighting
 - Level 5.1 Throwing
 + Level 8.7 Dodging
 - Level 1.7 Stealth
 + Level 9.5 Unarmed Combat
 + Level 1.8 Evocations


You had 9 spell levels left.
You didn't know any spells.
Your spell library contained the following spells:

 Spells                   Type           Power      Damage    Failure   Level
 Freeze                   Ice            0%         1d3       30%         1
 Dazzling Flash           Conj/Hex       0%         N/A       67%         3
 Frozen Ramparts          Ice            0%         1d2       67%         3
 Gell's Gravitas          Tloc           0%         N/A       67%         3
 Teleport Other           Tloc           0%         N/A       67%         3
 Hailstorm                Conj/Ice       0%         3d3       97%         4
 Iskenderun's Mystic Bla  Conj/Tloc      0%         2d3       97%         4
 Petrify                  Tmut/Erth      0%         N/A       97%         4
 Metabolic Englaciation   Hex/Ice        0%         N/A       100%        5
 Dispersal                Tloc           0%         N/A       100%        6
 Starburst                Conj/Fire      0%         6d3       100%        6
 Statue Form              Tmut/Erth      0%         N/A       100%        6


Dungeon Overview and Level Annotations

Branches:
Dungeon (9/15)             Temple (1/1) D:6            Lair (0/6) D:9
 Bailey (1/1)
    Orc: D:9-12

Altars:
Ashenzari
Cheibriados
Dithmenos
Elyvilon
Fedhas
Gozag
Hepliaklqana
Kikubaaqudgha
Makhleb
Nemelex Xobeh
Okawaru
Qazlal
Ru
Sif Muna
Trog
Uskayaw
Vehumet
Wu Jian
Xom
Yredelemnul
Zin
The Shining One

Shops:
D:3 !

Annotations:
D:5 2 transporters, KristoblXynda's ghost, amateur TrMo


Innate Abilities, Weirdness & Mutations

You can spit globs of acid.
Your golden yellow scales are hard. (AC +7)
You cannot fit into any form of body armour.
You are cold-blooded and may be slowed by cold attacks.
You are resistant to acid. (rCorr)


Message History

The vault guard hits you with a +0 broad axe!
You hit the vault guard but do no damage.
Your tail-slap misses the vault guard.
The vault guard is heavily wounded.
You hit the vault guard.
The vault guard is heavily wounded.
The vault guard hits you but does no damage.
You hit the vault guard but do no damage.
You tail-slap the vault guard, but do no damage.
The vault guard is heavily wounded.
You have got your breath back.
The vault guard misses you.
Press: ? - help, Shift-Dir - straight line, f/p - vault guard
Aim: a vault guard, wielding a +0 broad axe and wearing a +0 plate armour (heavily wounded, 64% to hit)
You spit a glob of acid.
The glob of acid hits the vault guard.
The vault guard is severely wounded.
The vault guard hits you with a +0 broad axe.
Unknown command.
You hit the vault guard but do no damage.
You tail-slap the vault guard, but do no damage.
The vault guard is severely wounded.
You block the vault guard's attack.
You hit the vault guard but do no damage.
You punch the vault guard.
The vault guard is severely wounded.
The vault guard completely misses you.
You hit the vault guard.
The vault guard is severely wounded.
You hit the vault guard.
The vault guard is severely wounded.
The vault guard hits you with a +0 broad axe!
* * * LOW HITPOINT WARNING * * *
You hit the vault guard.
Your tail-slap misses the vault guard.
The vault guard is severely wounded.
The vault guard hits you with a +0 broad axe!!
* * * LOW HITPOINT WARNING * * *
You feel better.
The vault guard hits you with a +0 broad axe!
You die...
Your body crumbles into a pile of gold.

#.....# #.....#
#..∩..#
###.....###
##≈##...##≈##
##≈≈≈##'##≈≈≈##
#≈≈≈..)....≈≈≈#
##≈≈≈...≈......##
#≈≈≈≈≈...≈.≈≈≈≈@#
#≈≈≈≈.....≈≈###p#
#≈≈≈≈....≈≈##≈.$#
##≈≈≈≈.≈..≈≈#≈..(#
.#≈≈≈≈...≈≈##..≈##
.##≈≈≈≈..≈≈#$..≈
..#≈≈≈≈≈.≈≈#$.≈#
..##≈##≈.≈≈####
...####≈..≈≈#


You could see a vault guard.

Vanquished Creatures
  A vault guard (Bailey)
  Joseph (D:7)
  Psyche (D:8)
  Prince Ribbit (Bailey)
  Sigmund (D:4)
  A wraith (D:9)
  Eustachio (D:4)
  A steam dragon (D:8)
  7 humans (Bailey)
  6 yaks (D:8)
  2 water moccasins
  A black bear (D:6)
  An ice beast (D:8)
  An ogre (D:7)
  A centaur (D:8)
  3 phantoms
  10 bullfrogs
  2 scorpions (D:6)
  2 necrophages
  8 wights
  6 killer bees (D:9)
  2 hounds (D:5)
  A gnoll shaman (D:4)
  2 orc priests
  5 jellies
  Natasha (twice) (D:4)
  2 iguanas
  2 orc wizards
  Robin (D:2)
  5 adders
  21 gnolls
  2 shadow imps (D:7)
  2 white imps
  An ufetubus (D:7)
  2 worms
  2 dart slugs
  14 orcs
  2 ball pythons (D:3)
  2 endoplasms
  3 giant cockroaches
  34 goblins
  27 hobgoblins
  6 kobolds
  2 quokkas
  3 bats
  3 frilled lizards
  16 rats
222 creatures vanquished.

Vanquished Creatures (others)
  14 fungi (D:8)
  3 plants (D:2)
17 creatures vanquished.

Grand Total: 239 creatures vanquished

Notes
Turn   | Place    | Note
-------+----------+-------------------------------------------
     0 | D:1      | KristoblXynda the Draconian Monk began the quest for the
                  | Orb.
     0 | D:1      | Reached XP level 1. HP: 19/19 MP: 1/1
   139 | D:1      | Found a faded altar of an unknown god.
   701 | D:1      | Reached XP level 2. HP: 26/26 MP: 2/2
   993 | D:2      | Found an opulent altar of Gozag.
  1052 | D:2      | Became a worshipper of Gozag Ym Sagoz the Greedy
  1209 | D:2      | Noticed Robin
  1431 | D:2      | Killed Robin
  1432 | D:2      | Reached XP level 3. HP: 21/33 MP: 3/3
  1802 | D:2      | Reached skill level 4 in Fighting
  1842 | D:2      | Reached XP level 4. HP: 20/40 MP: 4/4
  2882 | D:3      | Found an ornate altar of the Wu Jian Council.
  3342 | D:3      | Found a glowing silver altar of Zin.
  3342 | D:3      | Noticed an angel
  3386 | D:3      | Reached XP level 5. HP: 47/47 MP: 5/5
  4190 | D:3      | Reached skill level 5 in Fighting
  4344 | D:3      | Reached XP level 6. HP: 32/56 MP: 6/6
  4354 | D:3      | HP: 1/56 [gnoll/+0 spear (7)]
  4808 | D:3      | Found Xisiczie's Distillery.
  4816 | D:3      | Bought a potion of curing for 39 gold pieces
  5280 | D:3      | Bought a potion of mutation for 104 gold pieces
  5280 | D:3      | Bought a potion of lignification for 39 gold pieces
  5466 | D:4      | Noticed Sigmund
  5469 | D:4      | Noticed Natasha
  5490 | D:4      | Killed Natasha
  5507 | D:4      | Killed Sigmund
  5508 | D:4      | Reached skill level 5 in Unarmed Combat
  5717 | D:4      | Your scales start taking on a golden yellow colour.
  5717 | D:4      | Reached XP level 7. HP: 57/62 MP: 7/7
  5717 | D:4      | Gained mutation: You are resistant to acid. (rCorr) [Yellow
                  | Draconian growth]
  5780 | D:4      | Noticed Eustachio
  5811 | D:4      | Killed Eustachio
  5812 | D:4      | Reached skill level 6 in Fighting
  6245 | D:4      | Reached skill level 5 in Dodging
  6542 | D:4      | Noticed Natasha
  6568 | D:4      | Killed Natasha
  6639 | D:5      | Entered Level 5 of the Dungeon
  6661 | D:5      | Identified the +1 fire dragon scales "Doulem" {*Corrode
                  | rF++ rC- rN+ Int+6}
  6799 | D:5      | Found an ancient bone altar of Kikubaaqudgha.
  6916 | D:5      | Found a transporter.
  7100 | D:5      | Noticed KristoblXynda's ghost (amateur TrMo)
  7101 | D:5      | Found a transporter.
  7199 | D:5      | Reached XP level 8. HP: 67/71 MP: 8/8
  7505 | D:6      | Reached skill level 7 in Fighting
  8608 | D:6      | Found a staircase to the Ecumenical Temple.
  8851 | Temple   | Entered the Ecumenical Temple
  9706 | D:7      | Reached skill level 8 in Fighting
  9706 | D:7      | Reached skill level 1 in Throwing
  9754 | D:7      | Reached XP level 9. HP: 74/81 MP: 9/9
  9918 | D:7      | Noticed Joseph
  9940 | D:7      | Killed Joseph
 10443 | D:7      | Found a snail-covered altar of Cheibriados.
 10443 | D:7      | Found a basalt altar of Yredelemnul.
 10698 | D:8      | Noticed Psyche
 10709 | D:8      | Killed Psyche
 10922 | D:8      | Reached skill level 9 in Fighting
 11394 | D:8      | Reached XP level 10. HP: 84/91 MP: 10/10
 11421 | D:8      | Found a broken altar of Ashenzari.
 12162 | D:9      | Found a staircase to the Lair.
 12227 | D:9      | Found a flagged portal.
 12236 | Bailey   | Entered a bailey
 12563 | Bailey   | Reached skill level 10 in Fighting
 12571 | Bailey   | Reached skill level 5 in Throwing
 12610 | Bailey   | Noticed a vault guard
 12610 | Bailey   | Noticed Prince Ribbit
 12637 | Bailey   | Killed a vault guard
 12638 | Bailey   | Reached skill level 1 in Evocations
 12649 | Bailey   | Killed Prince Ribbit
 13068 | Bailey   | Noticed a vault guard
 13100 | Bailey   | HP: 2/94 [vault guard/+0 broad axe (23)]
 13101 | Bailey   | Slain by a vault guard

Illustrated notes

Levels and vault maps discovered:
D:1:      minmay_arrival_five_plusses, layout_basic,
          shapermc_ecumenical_altar_starsandcircs
D:2:      layout_loops_corners, basic_altar, serial_forest,
          infiniplex_forest_lined_room_, infiniplex_forest_straight_3,
          infiniplex_forest_end_2, infiniplex_forest_end_3,
          infiniplex_forest_lined_3, infiniplex_forest_lined_room_2,
          infiniplex_forest_lined_corner, infiniplex_forest_diagonal,
          minmay_rat_gold_closets, uniq_robin
D:3:      minmay_goblin_kobold_castle, layout_basic, zin_angel,
          lemuel_doored_altar, serial_shops, shop
D:4:      layout_basic, serial_glass, glass_columns_a, glass_columns_b,
          minmay_strange_pillars, uniq_natasha, uniq_sigmund, uniq_eustachio
D:5:      layout_gridville, nicolae_kikubaaqudgha_miasma_corner,
          gammafunk_ghost_smash
D:6:      layout_loops_ring, minmay_temple_entry_statues_fountains
D:7:      layout_loops_ring, mainiacjoe_overflow_large_starburst,
          nicolae_concentric_dashed_squares_wild, uniq_joseph
D:8:      layout_basic, mainiacjoe_overflow_cross_hatched,
          nicolae_straight_to_the_point, uniq_psyche
D:9:      layout_loops_ring, lair_entry_dummy, enter_bailey_2,
          nicolae_lava_and_water, corexii_leaking_fountain
Temple:   eino_temple_rhombus
Bailey:   bailey_axe_froggy_fort_hellmonk, bailey

Skill      XL: |  1  2  3  4  5  6  7  8  9 10 |
---------------+-------------------------------+-----
Dodging        | 3 4 5 6 7 8 |  8.7
Fighting       | 4 5 6 8 9 10 | 10.3
Unarmed Combat | 4 5 6 7 8 9 |  9.5
Throwing       | 1 3 5 |  5.1
Evocations     | 1 |  1.8
Stealth        | |  1.7

Action                   |  1- 3 |  4- 6 |  7- 9 | 10-12 || total
-------------------------+-------+-------+-------+-------++-------
Melee: Unarmed           |    82 |   336 |   338 |   188 ||   944
       Tailslap          |    11 |    52 |    57 |    38 ||   158
       Punch             |     1 |     2 |    16 |     5 ||    24
Throw: Javelin           |       |       |       |    13 ||    13
 Abil: Breathe Acid      |       |       |    14 |    10 ||    24
Evoke: Wand              |       |       |     1 |     1 ||     2
  Use: Scroll            |       |     3 |    12 |     5 ||    20
       Potion            |       |     2 |     3 |     4 ||     9
 Stab: Sleeping          |     9 |     3 |     4 |       ||    16
       Distracted        |       |       |     1 |     2 ||     3
       Invisible         |       |       |     5 |       ||     5
       Paralysed         |       |       |       |     1 ||     1
Armor: Skin              |    15 |    92 |    67 |    62 ||   236
Dodge: Dodged            |    48 |   222 |   224 |   145 ||   639
       Repelled          |       |     1 |     4 |       ||     5
Block: Other             |     2 |    96 |    85 |    53 ||   236
       Reflection        |       |     4 |       |     1 ||     5

Table legend: (Time is in decaauts)
 A = Elapsed time spent in this place.
 B = Non-inter-level travel time spent in this place.
 C = Inter-level travel time spent in this place.
 D = Time resting spent in this place.
 E = Time spent auto-exploring this place.
 F = Levels seen in this place.
 G = Mean time per level.
                   A        B        C        D        E       F      G
               +--------+--------+--------+--------+--------+-----+--------+
         Total |  13056 |  12738 |    318 |   3992 |   6582 |  11 | 1186.9 |
       Dungeon |  12045 |  11743 |    302 |   3451 |   6447 |   9 | 1338.3 |
        Temple |    151 |    135 |     16 |      0 |    123 |   1 |  151.0 |
        Bailey |    859 |    859 |      0 |    541 |     12 |   1 |  859.0 |
               +--------+--------+--------+--------+--------+-----+--------+

Top non-repeatable levels by time:
     D:3: 2257 daAuts
     D:2: 2095 daAuts
     D:7: 1596 daAuts
     D:6: 1385 daAuts
     D:4: 1327 daAuts
     D:8: 1003 daAuts
     D:1: 946 daAuts
  Bailey: 859 daAuts
     D:5: 836 daAuts
     D:9: 596 daAuts
  Temple: 151 daAuts
